 Dungeon Crawl Stone Soup version 0.31-a0-162-gc4c5a43528 (webtiles) character file.

Game seed: 7564037372773059311

779 qw the Shooter (level 7, -1/66 HPs)
             Began as a Naga Hunter on June 12, 2023.
             Slain by Pikel
             ... wielding a +2 whip of flaming
              (3 damage)
             ... on level 5 of the Dungeon.
             The game lasted 00:01:35 (3954 turns).

qw the Shooter (Naga Hunter)                        Turns: 3954, Time: 00:01:36

Health: -1/66      AC:  4    Str: 14    XL:     7   Next: 85%
Magic:  0/7        EV: 15    Int:  9    God:
Gold:   120        SH:  0    Dex: 16    Spells: 6/6 levels left

rFire   . . .        Y - +0 shortbow
rCold   . . .        (shield currently unavailable)
rNeg    . . .        c - +0 leather armour
rPois   +            (no helmet)
rElec   .            d - +0 cloak
rCorr   .            (no gloves)
SInv    +            (no barding)
Will    .....        f - amulet of guardian spirit
Stlth   ++           e - +5 ring of evasion
HPRegen 0.31/turn    (no ring)
MPRegen 0.10/turn

%: guardian spirit
@: short of breath, very slow
A: AC +2, large, see invisible, deformed body, poison resistance, slowness 2,
spit poison 1, naga tail 1, wild magic 1
a: Spit Poison


You were on level 5 of the Dungeon.
You visited 2 branches of the dungeon, and saw 6 of its levels.
You also visited: Sewer.

You collected 163 gold pieces.
You spent 43 gold pieces at shops.


Innate Abilities, Weirdness & Mutations

Your serpentine skin is tough. (AC +2)
You have supernaturally acute eyesight. (SInv)
Armour fits poorly on your strangely shaped body.
Your system is resistant to poisons. (rPois)
You cover ground very slowly.
You can spit poison.
You have a snake-like lower body.
Your spells are a little harder to cast, but a little more powerful.


   Skills:
 - Level 4.4 Fighting
 + Level 7.2 Ranged Weapons
 - Level 3.0 Dodging
 - Level 1.5 Stealth


You had 6 spell levels left.
You didn't know any spells.
Your spell library was empty.

Inventory:

Hand Weapons
 Y - a +0 shortbow (weapon)
Armour
 c - a +0 leather armour (worn)
 d - a +0 cloak (worn)
Jewellery
 e - a +5 ring of evasion (left hand)
 f - an amulet of guardian spirit (around neck)
Scrolls
 a - 2 scrolls of identify
Potions
 g - a potion of mutation
 i - a potion of resistance

Dungeon Overview and Level Annotations

Branches:
Dungeon (5/15)             Temple (1/1) D:5           Sewer (visited)

Altars:
Elyvilon
Hepliaklqana
Makhleb
Nemelex Xobeh
Ru
Trog
Xom
Yredelemnul
Zin
The Shining One
Lugonu

Shops:
D:2 *   D:4 *

Annotations:
D:3 3 runed translucent doors, qw's ghost, amateur GrHu
D:5 Pikel


Message History

The lemure closely misses you. Pikel misses you.
You shoot an arrow.
The arrow hits Pikel but does no damage.
Pikel is moderately wounded.
You have got your breath back.
The lemure misses you.
Pikel hits you with a +2 whip of flaming!
Pikel burns you.
3950 ||| INVOKING Spit Poison.
Aiming: Spit Poison (1% risk of failure)
Press: ? - help, Shift-Dir - straight line, f/p - Pikel The splash of poison hits Pikel.
Pikel is heavily wounded.
Pikel looks more healthy.
The lemure hits you but does no damage. Pikel closely misses you.
You shoot an arrow. The arrow hits Pikel.
Pikel is heavily wounded.
The lemure hits you. Pikel closely misses you.
You shoot an arrow.
The arrow hits Pikel but does no damage.
Pikel is heavily wounded.
You have got your breath back.
The lemure closely misses you.
Pikel says, "You'll make a fine lemure."
Pikel hits you with a +2 whip of flaming.
Pikel burns you. The lemure misses you.
3953 ||| INVOKING Spit Poison.
Aiming: Spit Poison (1% risk of failure)
Press: ? - help, Shift-Dir - straight line, f/p - Pikel The splash of poison hits Pikel but does no damage.
Pikel is poisoned.
Pikel is heavily wounded.
Pikel waves his whip at you. Pikel closely misses you. The lemure hits you.
You shoot an arrow. The arrow hits Pikel.
Pikel is severely wounded.
The lemure looks more healthy.
Pikel hits you with a +2 whip of flaming!
Pikel burns you.
You die...

#####.######.#
####..# #.#
#....## #.#
..#### #.####
### #....# #
#.##.##
#P..#..#
#...P.#.#
#.....#@#
#P...7.5K#
....7~..5#
#...7~~7P.#
.P.~~7~7.#
7~7~~~...# 7~~
....# .7
...7##


You could see Pikel (poisoned) and 2 lemures.

Vanquished Creatures
  Sigmund (D:5)
  A steam dragon (D:4)
  A water moccasin (Sewer)
  Duvessa (D:5)
  A lemure (D:5)
  Dowan (D:5)
  3 iguanas
  8 adders
  2 river rats (D:4)
  A worm (D:4)
  2 dart slugs
  4 orcs
  11 ball pythons
  11 endoplasms
  2 giant cockroaches
  3 goblins
  5 hobgoblins
  4 jackals
  8 kobolds
  2 quokkas
  3 bats
  4 frilled lizards
  5 rats
84 creatures vanquished.

Notes
Turn   | Place    | Note
-------+----------+-------------------------------------------
     0 | D:1      | qw the Naga Hunter began the quest for the Orb.
     0 | D:1      | Reached XP level 1. HP: 19/19 MP: 1/1
     0 | D:1      | 0 ||| qw: Version: 0.2-a-29-gc1b59c4
     0 | D:1      | 0 ||| qw: Game counter: 4370
     0 | D:1      | 0 ||| qw: Always use a shield: true
     0 | D:1      | 0 ||| qw: God list: Okawaru
     0 | D:1      | 0 ||| qw: Allow faded altars: false
     0 | D:1      | 0 ||| qw: Do Orc after D:15 true
     0 | D:1      | 0 ||| qw: Do second Lair branch before Depths: true
     0 | D:1      | 0 ||| qw: Lair rune preference: random
     0 | D:1      | 0 ||| qw: Plans: Normal
     0 | D:1      | 0 ||| PLANNING D:1-11
    32 | D:1      | 32 ||| INVOKING Spit Poison.
    89 | D:1      | 89 ||| INVOKING Spit Poison.
    90 | D:1      | 90 ||| INVOKING Spit Poison.
    95 | D:1      | 95 ||| INVOKING Spit Poison.
   260 | D:1      | 260 ||| FLEEEEING.
   261 | D:1      | 261 ||| FLEEEEING.
   262 | D:1      | 262 ||| FLEEEEING.
   263 | D:1      | 263 ||| FLEEEEING.
   264 | D:1      | 264 ||| FLEEEEING.
   265 | D:1      | 265 ||| FLEEEEING.
   266 | D:1      | 266 ||| FLEEEEING.
   277 | D:1      | 277 ||| INVOKING Spit Poison.
   278 | D:1      | Reached skill level 4 in Ranged Weapons
   278 | D:1      | Reached XP level 2. HP: 26/26 MP: 2/2
   290 | D:1      | 290 ||| INVOKING Spit Poison.
   293 | D:1      | 293 ||| INVOKING Spit Poison.
   344 | D:1      | 344 ||| INVOKING Spit Poison.
   477 | D:1      | 477 ||| INVOKING Spit Poison.
   478 | D:1      | 478 ||| INVOKING Spit Poison.
   592 | D:1      | 592 ||| INVOKING Spit Poison.
   626 | D:1      | 626 ||| INVOKING Spit Poison.
   632 | D:1      | 632 ||| INVOKING Spit Poison.
   915 | D:1      | 915 ||| READING 3 scrolls labelled LUMEIDGH BOIQ.
   916 | D:1      | 916 ||| READING scroll labelled CEACKEDEUSUO.
   917 | D:1      | 917 ||| READING 2 scrolls labelled JYUNNIUTEA.
   918 | D:1      | 918 ||| READING scroll labelled JEFRESM ROASS.
   922 | D:1      | 922 ||| READING 2 scrolls of identify.
   922 | D:1      | 922 ||| IDENTIFYING blue potion
   923 | D:1      | 923 ||| DROPPING scroll of butterflies.
   924 | D:1      | 924 ||| DROPPING potion of enlightenment.
   925 | D:1      | 925 ||| DROPPING scroll of poison.
   974 | D:2      | 974 ||| INVOKING Spit Poison.
  1039 | D:2      | Reached XP level 3. HP: 32/32 MP: 3/3
  1112 | D:2      | 1112 ||| INVOKING Spit Poison.
  1126 | D:2      | 1126 ||| INVOKING Spit Poison.
  1166 | D:2      | 1166 ||| INVOKING Spit Poison.
  1185 | D:2      | 1185 ||| INVOKING Spit Poison.
  1190 | D:2      | 1190 ||| INVOKING Spit Poison.
  1196 | D:2      | 1196 ||| INVOKING Spit Poison.
  1260 | D:2      | 1260 ||| INVOKING Spit Poison.
  1263 | D:2      | 1263 ||| INVOKING Spit Poison.
  1363 | D:2      | 1363 ||| INVOKING Spit Poison.
  1378 | D:2      | Found a faded altar of an unknown god.
  1527 | D:2      | 1527 ||| INVOKING Spit Poison.
  1530 | D:2      | Reached skill level 5 in Ranged Weapons
  1530 | D:2      | Reached XP level 4. HP: 36/39 MP: 4/4
  1711 | D:2      | Found Ekaaluel's Assorted Antiques.
  1717 | D:2      | 1717 ||| BUYING clear potion (20 gold).
  1717 | D:2      | Bought a clear potion for 20 gold pieces
  1717 | D:2      | 1717 ||| BUYING scroll labelled BANNUK POUSKYRGH (23 gold).
  1717 | D:2      | Bought a scroll labelled BANNUK POUSKYRGH for 23 gold
                  | pieces
  1717 | D:2      | 1717 ||| SHOPLISTING scroll of identify (46 gold, have 16).
  1729 | D:2      | 1729 ||| UPGRADING to +0 cloak.
  1734 | D:2      | 1734 ||| UPGRADING to +5 ring of evasion.
  1735 | D:2      | 1735 ||| READING scroll labelled KUIGRUNILA.
  1736 | D:2      | 1736 ||| READING scroll labelled ULASEUL ALYO.
  1737 | D:2      | 1737 ||| READING scroll labelled BANNUK POUSKYRGH.
  1805 | D:2      | 1805 ||| DRINKING 2 clear potions.
  1846 | D:2      | 1846 ||| READING 4 scrolls of identify.
  1846 | D:2      | 1846 ||| IDENTIFYING smoky puce potion
  1847 | D:2      | 1847 ||| READING 3 scrolls of identify.
  1847 | D:2      | 1847 ||| IDENTIFYING metallic dark potion
  1848 | D:2      | 1848 ||| DROPPING potion of lignification.
  1879 | D:3      | 1879 ||| INVOKING Spit Poison.
  1903 | D:3      | 1903 ||| INVOKING Spit Poison.
  1906 | D:3      | 1906 ||| INVOKING Spit Poison.
  1935 | D:3      | 1935 ||| INVOKING Spit Poison.
  1994 | D:3      | 1994 ||| INVOKING Spit Poison.
  2038 | D:3      | 2038 ||| INVOKING Spit Poison.
  2059 | D:3      | Noticed qw's ghost (amateur GrHu)
  2062 | D:3      | Found a runed translucent gate.
  2062 | D:3      | Found a runed translucent gate.
  2062 | D:3      | Found a runed translucent gate.
  2193 | D:3      | 2193 ||| INVOKING Spit Poison.
  2196 | D:3      | 2196 ||| INVOKING Spit Poison.
  2309 | D:3      | 2309 ||| INVOKING Spit Poison.
  2312 | D:3      | 2312 ||| INVOKING Spit Poison.
  2314 | D:3      | Reached skill level 3 in Fighting
  2367 | D:3      | 2367 ||| INVOKING Spit Poison.
  2581 | D:3      | 2581 ||| UPGRADING to amulet of guardian spirit.
  2586 | D:3      | 2586 ||| READING scroll labelled ESIZAPT JOIKH.
  2608 | D:4      | 2608 ||| PLANNING SEWER
  2617 | D:4      | 2617 ||| INVOKING Spit Poison.
  2620 | D:4      | Reached XP level 5. HP: 49/49 MP: 5/5
  2668 | D:4      | Noticed a steam dragon
  2670 | D:4      | 2670 ||| INVOKING Spit Poison.
  2671 | D:4      | 2671 ||| Stepping ~*~*~tactically~*~*~ (cloud).
  2675 | D:4      | 2675 ||| INVOKING Spit Poison.
  2678 | D:4      | 2678 ||| INVOKING Spit Poison.
  2678 | D:4      | HP: 6/49 [steam dragon/ball of steam (10)]
  2679 | D:4      | 2679 ||| DRINKING 3 potions of heal wounds.
  2681 | D:4      | 2681 ||| DRINKING 2 potions of heal wounds.
  2682 | D:4      | 2682 ||| DRINKING potion of heal wounds.
  2684 | D:4      | 2684 ||| INVOKING Spit Poison.
  2684 | D:4      | Killed a steam dragon
  2685 | D:4      | Reached skill level 6 in Ranged Weapons
  2685 | D:4      | Reached XP level 6. HP: 37/56 MP: 0/6
  2754 | D:4      | Identified the +7 hand axe "ETAOIN SHRDLU" {freeze, rElec
                  | SInv}
  2832 | D:4      | 2832 ||| INVOKING Spit Poison.
  2835 | D:4      | 2835 ||| INVOKING Spit Poison.
  2842 | D:4      | 2842 ||| INVOKING Spit Poison.
  2848 | D:4      | 2848 ||| INVOKING Spit Poison.
  2852 | D:4      | 2852 ||| INVOKING Spit Poison.
  2856 | D:4      | 2856 ||| INVOKING Spit Poison.
  2860 | D:4      | 2860 ||| INVOKING Spit Poison.
  2914 | D:4      | Found a glowing drain.
  2923 | Sewer    | Entered a sewer
  2931 | Sewer    | 2931 ||| INVOKING Spit Poison.
  2955 | Sewer    | Noticed a water moccasin
  2965 | Sewer    | Killed a water moccasin
  3049 | Sewer    | 3049 ||| DRINKING 2 bubbling amethyst potions.
  3049 | Sewer    | Gained mutation: Your spells are a little harder to cast,
                  | but a little more powerful. [potion of mutation]
  3050 | Sewer    | 3050 ||| READING 3 scrolls of identify.
  3050 | Sewer    | 3050 ||| IDENTIFYING bubbling sapphire potion
  3067 | D:4      | 3067 ||| PLANNING D:1-11
  3091 | D:4      | Found Aplim's Assorted Antiques.
  3094 | D:4      | 3094 ||| INVOKING Spit Poison.
  3099 | D:4      | 3099 ||| INVOKING Spit Poison.
  3178 | D:4      | 3178 ||| SHOPLISTING blackened fluorescent wand (132 gold,
                  | have 67).
  3178 | D:4      | 3178 ||| SHOPLISTING brass wand (132 gold, have 67).
  3178 | D:4      | 3178 ||| SHOPLISTING encrusted golden ring (165 gold, have
                  | 67).
  3178 | D:4      | 3178 ||| SHOPLISTING encrusted leather armour (231 gold,
                  | have 67).
  3186 | D:4      | 3186 ||| INVOKING Spit Poison.
  3243 | D:4      | 3243 ||| INVOKING Spit Poison.
  3246 | D:4      | 3246 ||| INVOKING Spit Poison.
  3251 | D:4      | 3251 ||| INVOKING Spit Poison.
  3253 | D:4      | Reached XP level 7. HP: 55/66 MP: 7/7
  3339 | D:4      | 3339 ||| READING 2 scrolls of identify.
  3339 | D:4      | 3339 ||| IDENTIFYING sapphire potion
  3340 | D:4      | 3340 ||| DROPPING potion of berserk rage.
  3344 | D:5      | Entered Level 5 of the Dungeon
  3427 | D:5      | 3427 ||| INVOKING Spit Poison.
  3434 | D:5      | 3434 ||| INVOKING Spit Poison.
  3437 | D:5      | 3437 ||| INVOKING Spit Poison.
  3441 | D:5      | 3441 ||| INVOKING Spit Poison.
  3495 | D:5      | Noticed Duvessa
  3495 | D:5      | Noticed Dowan
  3497 | D:5      | 3497 ||| INVOKING Spit Poison.
  3501 | D:5      | 3501 ||| INVOKING Spit Poison.
  3505 | D:5      | 3505 ||| INVOKING Spit Poison.
  3509 | D:5      | Killed Duvessa
  3513 | D:5      | 3513 ||| INVOKING Spit Poison.
  3516 | D:5      | 3516 ||| INVOKING Spit Poison.
  3522 | D:5      | Killed Dowan
  3523 | D:5      | Reached skill level 7 in Ranged Weapons
  3618 | D:5      | 3618 ||| INVOKING Spit Poison.
  3630 | D:5      | Noticed Sigmund
  3633 | D:5      | 3633 ||| INVOKING Spit Poison.
  3634 | D:5      | 3634 ||| DRINKING potion of curing.
  3634 | D:5      | 3634 ||| (to cure confusion)
  3639 | D:5      | 3639 ||| INVOKING Spit Poison.
  3643 | D:5      | 3643 ||| INVOKING Spit Poison.
  3647 | D:5      | Killed Sigmund
  3648 | D:5      | Reached skill level 3 in Dodging
  3673 | D:5      | Found a staircase to the Ecumenical Temple.
  3674 | D:5      | 3674 ||| PLANNING TEMPLE
  3682 | Temple   | Entered the Ecumenical Temple
  3774 | Temple   | 3774 ||| PLANNING D:1-11
  3795 | D:5      | 3795 ||| INVOKING Spit Poison.
  3812 | D:5      | 3812 ||| INVOKING Spit Poison.
  3871 | D:5      | Found a glowing golden altar of the Shining One.
  3927 | D:5      | 3927 ||| INVOKING Spit Poison.
  3932 | D:5      | 3932 ||| INVOKING Spit Poison.
  3935 | D:5      | Noticed Pikel
  3938 | D:5      | 3938 ||| INVOKING Spit Poison.
  3941 | D:5      | 3941 ||| INVOKING Spit Poison.
  3947 | D:5      | 3947 ||| INVOKING Spit Poison.
  3947 | D:5      | HP: 15/66 [lemure[Pikel] (5)]
  3948 | D:5      | 3948 ||| DRINKING potion of heal wounds.
  3950 | D:5      | 3950 ||| INVOKING Spit Poison.
  3952 | D:5      | HP: 16/66 [Pikel/+2 whip of flaming (5)]
  3953 | D:5      | 3953 ||| INVOKING Spit Poison.
  3954 | D:5      | HP: 2/66 [Pikel/+2 whip of flaming (8)]
  3954 | D:5      | Slain by Pikel

Levels and vault maps discovered:
D:1:      dpeg_arrival_chambers_temple_mockup, layout_loops_corners,
          dk_noncrumbling_4
D:2:      layout_basic, serial_shops, shop, shapermc_ecumenical_altar_hornbeckon
D:3:      layout_loops_ring, gammafunk_ghost_split
D:4:      layout_rooms, serial_shops, nicolae_shop_tiny_waterfront,
          portal_sewer_entry_b, corexii_checkpoint_a
D:5:      layout_basic, mainiacjoe_overflow_concentric_impassable,
          minmay_temple_entry_stoned_glass, serial_bayou, serial_bayou_lagoon_a,
          serial_bayou_ford_a, serial_bayou_pond_a, serial_bayou_shore_a,
          uniq_pikel, uniq_sigmund, uniq_duvessa, uniq_prince_ribbit1
Temple:   kb_corrupted_temple

Skill      XL: |  1  2  3  4  5  6  7 |
---------------+----------------------+-----
Ranged Weapons | 4 5 6 7 |  7.2
Fighting       | 3 4 |  4.4
Dodging        | 3 |  3.0
Stealth        | |  1.5

Action                     |  1- 3 |  4- 6 |  7- 9 || total
---------------------------+-------+-------+-------++-------
   Fire: Shortbow          |    54 |   111 |    65 ||   230
Ability: Spit Poison       |    22 |    30 |    22 ||    74
    Use: Scroll            |     5 |     7 |     1 ||    13
         Potion            |       |     5 |     2 ||     7
 Armour: Leather armour    |     1 |    16 |     9 ||    26
  Dodge: Dodged            |    10 |    52 |    46 ||   108

Table legend:
 A = Non-vault XP
 B = Vault XP
 C = Vault XP percentage of total XP
 D = Non-vault monster count
 E = Vault monster count
 F = Vault count percentage of total count
                 A         B        C        D         E       F
            +---------+---------+-------+---------+---------+-------
      Total |     489 |     624 |  56.1 |      68 |      15 |  18.1
            +---------+---------+-------+---------+---------+-------
        D:1 |      32 |       0 |   0.0 |      19 |       0 |   0.0
        D:2 |      54 |       0 |   0.0 |      12 |       0 |   0.0
        D:3 |      62 |       0 |   0.0 |      13 |       0 |   0.0
        D:4 |     266 |      60 |  18.4 |      16 |       8 |  33.3
        D:5 |      75 |     418 |  84.8 |       8 |       3 |  27.3
      Sewer |       0 |     146 | 100.0 |       0 |       4 | 100.0
            +---------+---------+-------+---------+---------+-------
